cohdb
Replays
Latest Replays
All Replays
Popular Replays
Top Player Replays
Match Explorer
How It Works
Community
CoH3 Stats
Reddit
Sign in to upload your games and track your stats! →
Sign in with Steam
Match 46745061
Unlisted
Match 46745061
Overview
Messages
Build Orders
End
Engineer Squad
Selects Special Operations Battlegroup
Selects M29 Weasel Recon Vehicle
M29 Weasel Recon Vehicle
Construct Weapon Support Center
M1919 Machine Gun Team
M1919 Machine Gun Team
Infantry Support Center
Construct Motor Pool
Engineer Squad
Selects Raiding Flares
M8 Greyhound Armored Car
JBQuib
Cpt Darling
jwalker987
GhoxxY
OPENHERE
Happy PanzerVI
0
0
Comments
sign in to comment!
No comments posted yet!